 Dungeon Sprint DCSS version bcrawl-1.21.3-2-g9d8a61a446 (webtiles) character file.

Game seed: 10500439689963555433

10930 Dyss the Devastator (level 11, 0/83 HPs)
             Began as a Fairy Conjurer on Apr 26, 2020.
             Was the Champion of Vehumet.
             Slain by a 12-headed hydra (14 damage)
             ... in the Dungeon (Sprint I: "Red Sonja").
             The game lasted 00:04:31 (1559 turns).

Dyss the Devastator (Fairy Conjurer)                Turns: 1559, Time: 00:04:31

Health: 0/83       AC:  6    Str:  6    XL:     11   Next: 69%
Magic:  29/31      EV: 28    Int: 21    God:    Vehumet [******]
Gold:   716        SH:  6    Dex: 14    Spells: 30/39 levels left

rFire    . . .     SeeInvis .   (weapon restricted)
rCold    + . .     Gourm    .   (shield restricted)
rNeg     + . .     Faith    .   (armour unavailable)
rPois    .         Spirit   .   (no helmet)
rElec    .         Reflect  .   (no cloak)
rCorr    .         Harm     .   (no gloves)
MR       +....     NoTele   +   (no boots)
Stlth    +.........             (no amulet)
HPRegen  0.23/turn              l - ring of Gimpoum {rC+ rN+}
MPRegen  0.22/turn              (no ring)

@: flying evasively
A: small, magic attunement, unstealthy, unfitting armour, able to fly, AC/SH +6
a: Stop Flying, Renounce Religion


You were in the Dungeon.
You worshipped Vehumet.
Vehumet was exalted by your worship.
You were not hungry.

You visited 1 branch You collected 1150 gold pieces.
You spent 434 gold pieces at shops.

Inventory:

Jewellery
 l - the ring of Gimpoum (left hand) {rC+ rN+}
   (You bought it in a shop in the Dungeon)

   [ring of protection from cold]

   It protects you from cold.
   It protects you from negative energy.
Wands
 a - a wand of polymorph (1)
Scrolls
 h - a scroll of blinking
 j - a scroll of identify {unknown}
 k - a scroll of vulnerability {unknown}
Potions
 b - 3 potions of magic
 c - a potion of heal wounds
 d - 3 potions of curing
 f - a potion of haste
 g - a potion of berserk rage
 i - 3 potions of flight {unknown}
Comestibles
 e - 2 rations {!d}
 m - 3 chunks of flesh


   Skills:
 + Level 11.4 Fighting
 + Level 15.6 Dodging
 - Level 1.5 Stealth
 + Level 14.5 Spellcasting
 * Level 20.4 Conjurations
 + Level 5.1 Transmutations


You had 30 spell levels left.
You knew the following spells:

 Your Spells              Type           Power        Failure   Level  Hunger
a - Magic Dart            Conj           ####         0%          1    None
b - Iskenderun's Mystic   Conj           #######.     0%          3    None
c - Irradiate             Conj/Tmut      ######....   1%          5    None

Your spell library contained the following spells:

 Spells                   Type           Power        Failure   Level  Hunger
 Fireball                 Conj/Fire      ######....   1%          5    None
 Searing Ray              Conj           #######.     0%          2    None
 Fulminant Prism          Conj/Hex       ######....   1%          4    None
 Summon Small Mammal      Summ           ###.         4%          1    None
 Call Imp                 Summ           ###...       6%          2    None
 Call Canine Familiar     Summ           ###.....     12%         3    None
 Summon Ice Beast         Ice/Summ       ###.....     38%         4    None
 Summon Lightning Spire   Summ/Air       ###.....     75%         5    None


Dungeon Overview and Level Annotations

Branches:
Dungeon (1/1)

Altars:
Cheibriados
Dithmenos
Elyvilon
Fedhas
Gozag
Hepliaklqana
Kikubaaqudgha
Lugonu
Makhleb
Nemelex Xobeh
Okawaru
Qazlal
Ru
Sif Muna
Trog
Uskayaw
Vehumet
Wu Jian
Xom
Yredelemnul
Zin
The Shining One
Jiyva

Shops:
D =([


Innate Abilities, Weirdness & Mutations

Your spells do not cause hunger and MP costs are reduced by 1.
Your bright wings attract enemies. (Stealth-)
You cannot fit into any form of body armour.
Your shimmering scales are hard and can block incoming attacks. (AC +6, SH +6)
You are small and have problems with some larger weapons.
You can fly continuously.


Message History

You block the 12-headed hydra's attack.
The 12-headed hydra closely misses you. x2
The 12-headed hydra bites you!
* * * LOW HITPOINT WARNING * * *
The 12-headed hydra completely misses you.
Casting: Iskenderun's Mystic Blast (safe; 0% risk of failure)
Confirm with . or Enter, or press ? or * to list all spells.
Aiming: Iskenderun's Mystic Blast (safe; 0% risk of failure)
Press: ? - help, Shift-Dir - straight line, f/p - 12-headed hydra
Aim: a 12-headed hydra (severely wounded)
The orb of energy hits the 12-headed hydra!
The 12-headed hydra is severely wounded.
The orb of energy explodes!
The 12-headed hydra bites you but does no damage.
The 12-headed hydra completely misses you.
The 12-headed hydra bites you.
* * * LOW HITPOINT WARNING * * *
The 12-headed hydra completely misses you.
The 12-headed hydra barely misses you. You block the 12-headed hydra's attack.
The 12-headed hydra misses you. The 12-headed hydra bites you!
You die...

#####################
..#[.#§§.§÷†.§§§@D.$#
.†##'#§####§§§§§##$.+
..†..#.# ##§§§## ##
###..§.# ###+#
.##+#### .#.^. .#^...
+###°°^ ☼°.#


You could see a 12-headed hydra.

Vanquished Creatures
  2 centaur warriors (D)
  Sonja (D)
  A deep troll (D)
  A lindwurm (D)
  8 shining eyes (D)
  A gargoyle (D)
  2 kobold demonologists (D)
  4 demonic crawlers (D)
  A hornet (D)
  A slime creature (D)
  Sigmund (D)
  A yak (D)
  13 hogs (D)
  6 floating eyes (D)
  An ogre (D)
  A jelly (D)
  Ijyb (D)
  5 ballistomycetes (D)
51 creatures vanquished.

Vanquished Creatures (others)
  2 ballistomycete spores (D)
2 creatures vanquished.

Grand Total: 53 creatures vanquished

Notes
Turn   | Place    | Note
-------+----------+-------------------------------------------
     0 | D        | Dyss the Fairy Conjurer began the quest for the Orb.
     0 | D        | Reached XP level 1. HP: 11/11 MP: 6/6
     1 | D        | Noticed Ijyb
    40 | D        | Killed Ijyb
    40 | D        | Reached skill level 8 in Conjurations
    40 | D        | Reached XP level 2. HP: 14/17 MP: 7/7
    40 | D        | Reached XP level 3. HP: 17/21 MP: 9/9
    65 | D        | Learned a level 3 spell: Iskenderun's Mystic Blast
    77 | D        | Noticed an ogre
    80 | D        | Killed an ogre
    80 | D        | Reached skill level 9 in Conjurations
    80 | D        | Reached XP level 4. HP: 28/30 MP: 3/12
   157 | D        | Noticed Sigmund
   160 | D        | Killed Sigmund
   160 | D        | Reached skill level 11 in Conjurations
   160 | D        | Reached XP level 5. HP: 37/37 MP: 6/15
   160 | D        | Reached XP level 6. HP: 43/43 MP: 6/17
   245 | D        | Found a shimmering blue altar of Sif Muna.
   246 | D        | Found an ornate altar of the Wu Jian Council.
   247 | D        | Found a radiant altar of Vehumet.
   255 | D        | Became a worshipper of Vehumet
   263 | D        | Found a burning altar of Makhleb.
   263 | D        | Found a viscous altar of Jiyva.
   263 | D        | Found a shimmering altar of Xom.
   263 | D        | Found a corrupted altar of Lugonu.
   263 | D        | Noticed a slime creature
   267 | D        | Killed a slime creature
   267 | D        | Reached skill level 5 in Fighting
   267 | D        | Reached skill level 12 in Conjurations
   267 | D        | Reached XP level 7. HP: 45/50 MP: 7/20
   347 | D        | Found Zagga's Antique Weapon Emporium.
   347 | D        | Found an ancient bone altar of Kikubaaqudgha.
   347 | D        | Found a hazy altar of Hepliaklqana.
   347 | D        | Found a stormy altar of Qazlal.
   347 | D        | Found a hide-covered altar of Uskayaw.
   347 | D        | Found a blossoming altar of Fedhas.
   347 | D        | Found a bloodstained altar of Trog.
   347 | D        | Found an iron altar of Okawaru.
   347 | D        | Found a basalt altar of Yredelemnul.
   347 | D        | Found a glowing golden altar of the Shining One.
   347 | D        | Found a snail-covered altar of Cheibriados.
   347 | D        | Found a sacrificial altar of Ru.
   347 | D        | Found a glowing silver altar of Zin.
   347 | D        | Found a shadowy altar of Dithmenos.
   347 | D        | Found a white marble altar of Elyvilon.
   347 | D        | Noticed a yak
   349 | D        | Killed a yak
   349 | D        | Reached skill level 13 in Conjurations
   350 | D        | Found an opulent altar of Gozag.
   377 | D        | Noticed Sonja
   382 | D        | Killed Sonja
   382 | D        | Reached * piety under Vehumet
   382 | D        | Offered knowledge of Sting by Vehumet.
   382 | D        | Reached skill level 10 in Dodging
   382 | D        | Reached skill level 14 in Conjurations
   382 | D        | Reached XP level 8. HP: 41/58 MP: 11/23
   542 | D        | Noticed a deep troll
   549 | D        | Killed a deep troll
   549 | D        | Reached skill level 10 in Spellcasting
   549 | D        | Reached skill level 15 in Conjurations
   549 | D        | Reached XP level 9. HP: 50/65 MP: 10/25
   631 | D        | Found Bagaqud's Jewellery Boutique.
   645 | D        | Bought the ring of Gimpoum {rC+ rN+} for 434 gold pieces
   647 | D        | Noticed a shining eye
   647 | D        | Noticed a shining eye
   647 | D        | Noticed a shining eye
   651 | D        | Paralysed by a floating eye for 4 turns
   653 | D        | Noticed a shining eye
   653 | D        | Noticed a shining eye
   655 | D        | Offered knowledge of Freeze by Vehumet.
   655 | D        | Reached ** piety under Vehumet
   657 | D        | Killed a shining eye
   657 | D        | Reached skill level 16 in Conjurations
   659 | D        | Killed a shining eye
   661 | D        | Killed a shining eye
   661 | D        | Reached *** piety under Vehumet
   661 | D        | Reached skill level 17 in Conjurations
   661 | D        | Killed a shining eye
   661 | D        | Reached XP level 10. HP: 51/59 MP: 14/28
   661 | D        | Noticed a shining eye
   664 | D        | Killed a shining eye
   666 | D        | Killed a shining eye
   666 | D        | Reached **** piety under Vehumet
   666 | D        | Reached skill level 18 in Conjurations
   772 | D        | Noticed a shining eye
   773 | D        | Noticed a shining eye
   776 | D        | Killed a shining eye
   784 | D        | Killed a shining eye
   784 | D        | Reached skill level 10 in Fighting
   877 | D        | Found a sparkling altar of Nemelex Xobeh.
   891 | D        | Noticed a centaur warrior
   896 | D        | Noticed a centaur warrior
   899 | D        | Killed a centaur warrior
   899 | D        | Offered knowledge of Dazzling Spray by Vehumet.
   902 | D        | Killed a centaur warrior
   902 | D        | Reached ***** piety under Vehumet
   902 | D        | Reached skill level 19 in Conjurations
   902 | D        | Reached XP level 11. HP: 37/82 MP: 9/30
  1139 | D        | Learned a level 5 spell: Irradiate
  1144 | D        | Found Kuyninot's Armour Emporium.
  1301 | D        | Offered knowledge of Stone Arrow by Vehumet.
  1304 | D        | Reached skill level 1 in Transmutations
  1360 | D        | Reached ****** piety under Vehumet
  1360 | D        | Reached skill level 15 in Dodging
  1472 | D        | Noticed a lindwurm
  1477 | D        | Killed a lindwurm
  1477 | D        | Offered knowledge of Fireball by Vehumet.
  1512 | D        | Reached skill level 20 in Conjurations
  1524 | D        | Reached skill level 5 in Transmutations
  1556 | D        | Noticed a 12-headed hydra
  1559 | D        | Slain by a 12-headed hydra

Skill      XL: |  1  2  3  4  5  6  7  8  9 10 11 |
---------------+----------------------------------+-----
Conjurations   | 8 9 11 12 14 15 17 19 20 | 20.4
Fighting       | 2 4 5 6 7 9 10 11 | 11.4
Dodging        | 4 6 8 10 11 12 14 15 | 15.6
Spellcasting   | 4 6 7 9 10 12 13 14 | 14.5
Transmutations | 5 |  5.1
Stealth        | |  1.5

Action                   |  1- 3 |  4- 6 |  7- 9 | 10-12 || total
-------------------------+-------+-------+-------+-------++-------
Melee: Unarmed           |    15 |       |       |    19 ||    34
 Cast: Magic Dart        |     9 |       |       |     1 ||    10
       Iskenderun's Myst |     2 |     9 |    24 |    74 ||   109
  Eat: Chunk             |       |       |       |     2 ||     2
Armor: Skin              |       |       |     1 |     5 ||     6
Dodge: Dodged            |     7 |     1 |    13 |    54 ||    75
Block: Other             |     3 |       |     4 |    22 ||    29
